 Dungeon Crawl Stone Soup version 0.31-a0-640-g39d97e502b (webtiles) character file.

Game seed: 2492433995826483439

2 ytrimaz the Changeling (level 1, -3/15 HPs)
             Began as a Merfolk Shapeshifter on Aug 28, 2023.
             Succumbed to a kobold's poison
             ... on level 1 of the Dungeon.
             The game lasted 00:00:12 (94 turns).

ytrimaz the Changeling (Merfolk Shapeshifter)         Turns: 94, Time: 00:00:12

Health: -3/15      AC:  2    Str: 14    XL:     1   Next: 40%
Magic:  1/1        EV: 12    Int:  9    God:
Gold:   10         SH:  0    Dex: 13    Spells: 0/0 levels left

rFire   + .          .
                       - Unarmed
rCold   + . .        (no shield)
rNeg    . . .        a - +0 animal skin
rPois   +            (helmet currently unavailable)
rElec   +            (cloak currently unavailable)
rCorr   +            (gloves currently unavailable)
SInv    .            (boots currently unavailable)
Will    .....        (no amulet)
Stlth   +            (no ring)
HPRegen 0.22/turn    (no ring)
MPRegen 0.07/turn

%: no passive effects
@: lethally poisoned (-3 -> -26), beast-form, resistant
A: beast (slay +2), (nimble swimmer 2), mertail
a: Begin Untransformation


You were on level 1 of the Dungeon.
You were a hulking beast.
You visited 1 branch of the dungeon, and saw 1 of its levels.

You collected 10 gold pieces.


Innate Abilities, Weirdness & Mutations

You are a hulking beast.
Your limbs bulge with bestial killing power. (Slay +2)
((You are very nimble when in or above water. (Stealth+, EV+, Speed+++)))
Your lower body shifts to a powerful aquatic tail in water.


   Skills:
 - Level 1.1 Fighting
 - Level 2.6 Dodging
 + Level 3.4 Unarmed Combat
 + Level 4.1 Shapeshifting


You couldn't memorise any spells.
You didn't know any spells.
Your spell library was empty.

Inventory:

Armour
 a - a +0 animal skin (worn)
Talismans
 c - a beast talisman (active)
 d - a flux talisman
Scrolls
 e - a scroll of amnesia {unknown}
Potions
 b - a potion of lignification

Dungeon Overview and Level Annotations

Branches:
Dungeon (1/15) Zot: 5907

Altars:

Shops:
D:1

: #... ####### #.#>
#.....# #.#. #.....#
#########.#∩ #.....#
#.........#. #.....###
#..........8
#.......####...........
#.....K....+.....[...##
#....Jh.####.........##
#.>...g.#.†.'.........'#
#.......#.###.........##
#####...#.# #.........#
.......# #.........##
#####.### ###########.
... #. ##.. #. #.


You could see an endoplasm, a goblin and a kobold.


Message History

🤖 Initializing magus.rc ...
Options error: Delay interrupt name "hungry" not recognised. (~/.crawlrc:4375) Bad monster_list_colour key: strict_neutral Options error: Unknown color in colour mapping: 'purle:scroll.*immolation' Bad channel name 'pray' for runrest: 'pray:' Options error: Missing colour in message_colour setting: 'that.*feels deathly cold' Options error: Missing colour in message_colour setting: 'and you must be Full or above to equip it' Options error: Missing colour in message_colour setting: 'but rights himself reflexively soon after' Options error: Missing colour in message_colour setting: 'before it is too late' ✅ Successfully initialized magus.rc [v1.9.6] Welcome, ytrimaz the Merfolk Shapeshifter.
If you return without finding the Orb of Zot, so far below, it's all over!
Press ? for a list of commands and other information.
Found a dagger.
Found a staircase leading out of the dungeon.
You open the large door.
There is a large open door here.
Your legs become a tail as you enter the water.
e - a scroll labelled ZYT VI POXUCO You now have 10 gold pieces.
Key pressed, stopping explore.
Found Abep's Book Shop.
Found an escape hatch in the floor.
There is an entrance to Abep's Book Shop here.
You open the door.
f - a fizzy inky potion You open the door.
A dart slug comes into view.
A dart slug is nearby!
A dart slug is nearby!
There is an open door here.
A dart slug is nearby!
The dart slug closely misses you.
A dart slug is nearby!
You punch the dart slug! The dart slug completely misses you.
Unknown command.
You hit the dart slug.
You kill the dart slug!
No target in view!
A kobold comes into view. It is wielding a +1 dagger of venom.
You see here a dart slug corpse.
Unknown command.
A goblin and an endoplasm come into view.
Found a stone staircase leading down.
The goblin shouts!
The endoplasm quivers.
The goblin barely misses you. The goblin hits you with a +0 dagger.
The kobold hits you with a +1 dagger of venom.
You are lethally poisoned! 😮 HP[-4]
You take 4 damage, and now have 11/15 hp.
MASSIVE DAMAGE!! (PAUSE)
You feel very sick. The goblin hits you with a +0 dagger.
* * * LOW HITPOINT WARNING * * *
The kobold hits you with a +1 dagger of venom.
* * * LOW HITPOINT WARNING * * *
You are more poisoned.
The endoplasm attacks as it pursues you!
The endoplasm hits you but does no damage. 😱 HP[-8]
You take 8 damage, and now have 3/15 hp.
MASSIVE DAMAGE!! (PAUSE) It was a potion of resistance.
You feel protected.
You die...

Action                     || total
---------------------------++-------
  Melee: Unarmed           ||     2
    Use: Potion            ||     1
 Armour: Animal skin       ||     1
  Dodge: Dodged            ||     3

Levels and vault maps discovered:
D:1:      lightli_arrival_boilingwater, layout_basic, serial_shops, shop_statue

Notes
Turn   | Place    | Note
-------+----------+-------------------------------------------
     0 | D:1      | ytrimaz the Merfolk Shapeshifter began the quest for the
                  | Orb.
     0 | D:1      | Reached XP level 1. HP: 15/15 MP: 1/1
     0 | D:1      | magus.rc [v1.9.6]
    61 | D:1      | Found Abep's Book Shop.
    93 | D:1      | HP: 3/15 [kobold/+1 dagger of venom (2)]
    94 | D:1      | Succumbed to a kobold's poison

Vanquished Creatures
  A dart slug (D:1)
1 creature vanquished.

Table legend:
 A = Non-vault XP
 B = Vault XP
 C = Vault XP percentage of total XP
 D = Non-vault monster count
 E = Vault monster count
 F = Vault count percentage of total count
                 A         B        C        D         E       F
            +---------+---------+-------+---------+---------+-------
      Total |       4 |       0 |   0.0 |       1 |       0 |   0.0
            +---------+---------+-------+---------+---------+-------
        D:1 |       4 |       0 |   0.0 |       1 |       0 |   0.0
            +---------+---------+-------+---------+---------+-------

Action                     || total
---------------------------++-------
  Melee: Unarmed           ||     2
    Use: Potion            ||     1
 Armour: Animal skin       ||     1
  Dodge: Dodged            ||     3

Illustrated notes

Table legend:
 A = Kills in this place as a percentage of kills in the entire game.
 B = Kills by you in this place as a percentage of kills by you in the entire game.
 C = Kills by friends in this place as a percentage of kills by friends in the entire game.
 D = Other kills in this place as a percentage of other kills in the entire game.
 E = Experience gained in this place as a percentage of experience gained in the entire game.
 F = Experience gained in this place divided by the number of levels of this place that you have seen.
                   A       B       C       D       E      F
               +-------+-------+-------+-------+-------+----------------------
         Total | 100.0 | 100.0 |   N/A |   N/A | 100.0 |   4.0
       Dungeon | 100.0 | 100.0 |   N/A |   N/A | 100.0 |   4.0
               +-------+-------+-------+-------+-------+----------------------

Table legend: (Time is in decaauts)
 A = Elapsed time spent in this place.
 B = Non-inter-level travel time spent in this place.
 C = Inter-level travel time spent in this place.
 D = Time resting spent in this place.
 E = Time spent auto-exploring this place.
 F = Levels seen in this place.
 G = Mean time per level.
                   A        B        C        D        E       F      G
               +--------+--------+--------+--------+--------+-----+--------+
         Total |     92 |     92 |      0 |      0 |     78 |   1 |   92.0 |
       Dungeon |     92 |     92 |      0 |      0 |     78 |   1 |   92.0 |
               +--------+--------+--------+--------+--------+-----+--------+

Top non-repeatable levels by time:
     D:1: 92 daAuts
